[Event "French-ch U16-U18 2024"]
[Site "Agen"]
[Date "2024.04.20"]
[Round "8.16"]
[White "Razafindratsima, Timothe"]
[Black "Trabet, Mathis"]
[Result "1-0"]
[ECO "B47"]
[WhiteElo "2438"]
[BlackElo "2167"]
[Annotator "TA"]
[PlyCount "131"]
[EventDate "2024.04.14"]
[EventType "swiss"]
[EventCountry "FRA"]
[SourceTitle "playchess.com"]
[Source "ChessBase"]
[SourceQuality "1"]
[TimeControl "5400+30"]

1. e4 c5 2. Nf3 e6 3. d4 cxd4 4. Nxd4 Nc6 5. Nc3 Qc7 6. Qd3 {[%emt 0:00:23] B47: Sicilian: Taimanov: 5 Nc3 Qc7 6 f4, 6 g3 and 6 Be2.} Nf6 7. Ndb5 Qb8 8. Qg3 d6 9. Be3 a6 10. Nd4 h5 11. f3 Bd7 12. O-O-O b5 13. Nxc6 Bxc6 14. h4 b4 15. Ne2 e5 16. Kb1 $146 ({Predecessor:} 16. Bg5 Qc7 17. Qf2 Ba4 18. b3 Bb5 19. Ng3 Nd7 20. Nf5 g6 21. Ne3 f6 22. Nd5 {1-0 Gschnitzer,A (2402)-Testeshnikov,N (2138) Deizisau Autumn op 17th 2023 (4)}) 16... Qc7 17. Nc1 a5 18. Qe1 Rb8 19. Nd3 Be7 20. Bg5 Qb7 21. Bxf6 Bxf6 22. Nc1 d5 23. g4 hxg4 24. fxg4 dxe4 25. Bg2 Rd8 26. Nb3 Rxd1+ 27. Qxd1 Qc7 (27... Bxh4 28. Nxa5 Qb5 29. Nxc6 Qxc6 30. g5 $16 (30. Qe2 Rh6 $11)) ({Black should play} 27... Qd7 $17 28. Nxa5 Qxd1+ (28... Bxh4 29. Nxc6 Qxc6 30. g5 $16) 29. Rxd1 Bd7) 28. g5 $1 $15 Be7 29. Qe2 $1 a4 30. Nd2 Qb7 31. Nxe4 (31. Bxe4 $11 {is more appropriate.} Bxe4 32. Nxe4) 31... Qb5 (31... O-O $15) 32. c4 $11 bxc3 33. Nxc3 Qb7 34. Ne4 a3 35. b3 (35. Rc1 $11 Qxb2+ (35... Rxh4 $2 36. Nd6+ Bxd6 37. Bxc6+ $18) 36. Qxb2 Bxe4+ 37. Bxe4 axb2 38. Rc4 (38. Rc8+ Bd8 $15)) 35... Qb6 36. Qc4 (36. Nc3 $11 {remains equal.}) 36... Bd7 (36... Bb7 $17 {White must now prevent ...0-0.} 37. Qc3 f5 38. gxf6 gxf6) 37. Rd1 Qb5 $2 (37... g6 $11 {and Black is okay.} 38. Qd5 Qe6 39. Nf6+ (39. Qa8+ Bc8 $17) 39... Bxf6 40. gxf6 Qxd5 (40... Rxh4 41. Qa8+ Bc8 42. Bc6+) 41. Rxd5 Bf5+ (41... Rxh4 42. Rxe5+ Be6 43. Ra5 $15) 42. Kc1 Rxh4) 38. Qc7 $1 $18 (38. Bh3 Bc6 39. Rc1 (39. Qxc6+ $2 Qxc6 40. Bg2 Qg6 $19) 39... Qxc4 40. Rxc4 Bb7 $17 (40... Rxh4 41. Nd6+ Bxd6 42. Rxh4 $14)) 38... Rxh4 39. Rxd7 Qxd7 40. Nf6+ $1 gxf6 41. Bc6 Rh1+ 42. Kc2 $1 Rh2+ 43. Kc3 $1 (43. Kc1 Rh1+ 44. Kc2 Rh2+ 45. Kc3 (45. Kc1 Rh1+ 46. Kc2 $14) 45... Rh3+ (45... Bb4+ $2 46. Kxb4 Rh4+ 47. Kxa3 $18) 46. Kc4 Rh4+ 47. Kb5 Rb4+ 48. Ka6 Rd4 49. gxf6 (49. Bxd7+ Rxd7 50. Qb8+ Rd8 $14) 49... Bxf6 $18) 43... Rh3+ (43... Bb4+ $2 44. Kxb4 Kf8 45. Qxd7 $18 (45. Bxd7 Kg7 $18)) 44. Kc4 $1 Rh4+ 45. Kb5 Rb4+ 46. Ka6 Rd4 47. gxf6 (47. Bxd7+ Rxd7 48. Qc8+ Rd8 49. Qc6+ Kf8 $14) 47... Bxf6 48. Qb8+ $2 (48. Bxd7+ Rxd7 49. Qc6 Bg5 $11) (48. b4 $18 {is more deadly.}) 48... Ke7 $16 49. Bxd7 Kxd7 50. Qf8 Rd6+ (50... Ke6 $14 {feels stronger.}) 51. Kb7 $1 $16 Ke6 52. Qc8+ Ke7 53. Qc5 Ke6 (53... e4 $2 54. Kc7 $18 (54. Qxa3 Bd4 $11) (54. Qxa3 e3 $11)) 54. Qxa3 Be7 $2 (54... Rd7+ $16 55. Kc6 e4) 55. Qa4 $1 $18 Rd7+ 56. Kc6 Rd4 {[%emt 0:00:27] [#]} 57. Qb5 $1 f5 $2 (57... Rd6+ 58. Kc7 Rd2 (58... Bd8+ 59. Kc8 $11) 59. Qc4+ Kf5 60. Qf1+ (60. Qxf7+ Bf6 $16) 60... Kg6 61. a4 $18) (57... Ba3 {is tougher.} 58. Qb7 Kf6) 58. a4 $18 f4 59. a5 f3 {[%emt 0:00:36] [#]} (59... Rd6+ $142 60. Kc7 Bd8+ 61. Kb7 Bxa5 62. Qxa5 f3) 60. a6 $1 $18 Rd6+ 61. Kb7 Rd7+ 62. Qxd7+ Kxd7 63. a7 f2 64. a8=Q (64. a8=B {gets mated.} f1=Q (64... f1=R 65. Kb6 $19) 65. b4 Bd8 (65... Bxb4 {is a self mate.} 66. Kb6 Qc4 67. Bh1 Bc5+ 68. Kb7 Qb4+ 69. Ka8 Qa5+ 70. Kb8 Qa7#) 66. Ka7 Qf2+ 67. Kb8 Bc7+ 68. Kb7 Qb6#) 64... Bc5 65. Qc8+ Kd6 66. Qc6+ 1-0

[Event "French-ch U16-U18 2024"]
[Site "Agen"]
[Date "2024.04.20"]
[Round "8.17"]
[White "Mendoza, Mael"]
[Black "Makkar, Rajat"]
[Result "0-1"]
[ECO "B51"]
[WhiteElo "2088"]
[BlackElo "2452"]
[Annotator "TA"]
[PlyCount "98"]
[EventDate "2024.04.14"]
[EventType "swiss"]
[EventCountry "FRA"]
[SourceTitle "playchess.com"]
[Source "ChessBase"]
[SourceQuality "1"]
[TimeControl "5400+30"]

1. e4 c5 2. Nf3 Nc6 3. Bb5 d6 4. O-O Bd7 5. Re1 a6 6. Bf1 Nf6 7. c3 Bg4 8. h3 Bxf3 9. Qxf3 e6 10. Qe3 d5 11. exd5 Qxd5 {[%emt 0:04:52] The position is equal.} 12. g3 Be7 13. Bg2 Qd7 14. Na3 b5 15. Nc2 Rc8 16. a4 O-O 17. axb5 axb5 18. Qe2 c4 {[%emt 0:03:18][%cal Bc5c4,Bc4b3][%mdl 32] [#]} 19. b3 cxb3 $15 20. Bxc6 Rxc6 21. Nd4 Rc4 22. Ba3 (22. Bb2 $15) 22... Bxa3 $17 23. Rxa3 {[%emt 0:00:06] [#]} e5 $1 24. Nxb3 Qxh3 {[%emt 0:01:34] And now ...Re4 would win. Black is more active.} 25. Qf3 (25. Qf1 $17 {was forced.} Qe6 26. Nd4) 25... e4 $36 {[%emt 0:03:11][%mdl 2048] Black is really pushing.} 26. Qg2 Qd7 27. Ra6 (27. Rea1 $17) 27... b4 28. Qf1 Rfc8 29. Na5 (29. Ra8 $142) 29... R4c7 30. cxb4 Qxd2 31. b5 e3 {[%emt 0:03:36] aiming for ...Ng4.} 32. b6 $2 (32. Nc6 Ng4 33. Re2) 32... Rc2 ({Stronger than} 32... Rc1 33. Rxc1 exf2+ 34. Kg2 Qd5+ 35. Kxf2 (35. Kh2 $2 Ng4+ 36. Kh3 Rxc1 $19) 35... Ng4+ (35... Qd2+ 36. Kg1 $11) 36. Kg1 Qd4+ 37. Kh1 (37. Kg2 $2 Ne3+ 38. Kf3 Re8 $19) 37... Qd5+ (37... Qe4+ 38. Kg1 $11) 38. Kg1 Qd4+ 39. Kh1 (39. Kg2 $2 Ne3+ 40. Kf3 Re8 $19) 39... Qd5+ (39... Qe4+ 40. Kg1 $11) 40. Kg1 $11) (32... Ng4 $142 33. Kg2 exf2) 33. Rxe3 Rc1 34. b7 Rxf1+ 35. Kxf1 {[%emt 0:00:01] [#]} Qd1+ $1 36. Kg2 Qd5+ 37. Rf3 Re8 38. Nc6 Qb5 39. b8=Q Rxb8 40. Nxb8 Qxb8 41. Raxf6 gxf6 42. Rxf6 {[%emt 0:00:02][%mdl 4096] Endgame. KQ-KR} Kg7 43. Rf4 h5 44. Kh3 Kg6 45. Kh2 f5 46. Kg2 Kg5 47. Kh3 (47. Rh4 $19 Qb2 48. Rf4) 47... Qb7 (47... Qb6 $142 48. Kg2 Qc6+ 49. Kh2 Qc1 50. Rh4 Qf1 51. Ra4 Qxf2+ 52. Kh3 Qg1 53. Ra2 Qh1+ 54. Rh2 Qf3 55. Rg2 h4 56. Kh2 h3 (56... hxg3+ {leads to mate.} 57. Rxg3+ Kf4 58. Rxf3+ Kxf3 59. Kh1 f4 60. Kh2 Ke3 61. Kh3 f3 62. Kg4 f2 63. Kf5 f1=Q+ 64. Ke5 Qd3 65. Kf6 Kf4 66. Kf7 Qd6 67. Ke8 Kf5 68. Kf7 Qc7+ 69. Kf8 Kf6 70. Kg8 Qg7#) 57. Rc2 f4 58. g4 Kxg4 59. Rb2 Qg3+ 60. Kh1 Qc3 (60... Qe1+ 61. Kh2 Qe5 62. Rc2 f3+ 63. Kg1 h2+ 64. Kh1 Kh3 65. Rc1 Qg3 66. Rf1 Qg2#) 61. Rg2+ hxg2+ 62. Kxg2 Qd2+ 63. Kg1 Kg3 64. Kh1 Qh2#) 48. Kh2 Qc7 {[%emt 0:00:05][%cal Oc7f4] ( -> ...Qxf4!)} 49. Kh3 (49. Rh4 $19 Qc2 50. Kg1) 49... Qc1 {[%emt 0:00:04] Weighted Error Value: White=0.51/Black=0.26 (precise) .  Mistake:       	White=8     	Black=2      Inaccurate:     	White=1     	---        OK:         	White=10    	Black=12     Best:        	White=5     	Black=6      Strong:       	---       	Black=1      Brilliant:      	---       	Black=1} 0-1

[Event "French-ch U16-U18 2024"]
[Site "Agen"]
[Date "2024.04.20"]
[Round "8.18"]
[White "Belkaid, Sohan"]
[Black "Tulliez, Andre"]
[Result "1-0"]
[ECO "B56"]
[WhiteElo "2412"]
[BlackElo "2157"]
[Annotator "TA"]
[PlyCount "73"]
[EventDate "2024.04.14"]
[EventType "swiss"]
[EventCountry "FRA"]
[SourceTitle "playchess.com"]
[Source "ChessBase"]
[SourceQuality "1"]
[TimeControl "5400+30"]

1. e4 c5 2. Nf3 d6 3. d4 cxd4 4. Nxd4 Nf6 5. Nc3 e5 6. Bb5+ Nbd7 7. Nf5 a6 8. Ba4 {[%emt 0:00:05] White has more active pieces.} (8. Nxd6+ $2 Bxd6 9. Qxd6 axb5 $17) 8... b5 9. Bb3 Nc5 10. Bg5 {[%emt 0:00:06] Hoping for Bd5.} Bxf5 {[%emt 0:00:03] White is slightly better.} 11. exf5 Be7 12. Bxf6 Bxf6 13. Qd5 O-O 14. Ne4 a5 {[%emt 0:25:00] ...a4 would now be deadly.} 15. a3 Rc8 16. O-O Nxe4 17. Qxe4 Qb6 18. c3 Rc5 {[%emt 0:07:38] Black is weak on the light squares} 19. Rad1 Rfc8 20. g3 Kf8 21. Rd3 Qc6 22. Bd5 Qb6 23. h4 Qd8 24. Rfd1 Qe7 25. Ba2 Rd8 26. R1d2 Qc7 27. b4 ({White should try} 27. Qe2 $16) 27... axb4 (27... Rxc3 $14 28. bxa5 Rxd3 29. Rxd3 Qxa5) 28. cxb4 $16 Qc6 29. Bd5 $36 {[%emt 0:01:39][%mdl 2048] Black is under strong pressure.} Rc1+ 30. Kg2 Qb6 (30... Qd7 $16 {was necessary.} 31. Qf3 Qc7) 31. Qg4 {[%emt 0:01:50] aiming for Qh5.} Qa7 {[%emt 0:03:33] [#]} (31... Kg8 $142 32. Qe2 Rb8) 32. Qh5 $1 $18 Kg8 33. g4 {[%emt 0:01:17] Black must now prevent g5.} e4 34. Re3 {[%emt 0:02:57][%cal Og4g5] Strongly threatening g5!} ({Don't take} 34. Bxe4 g6 35. fxg6 hxg6 36. Qxb5 Bxh4 $18) 34... Bd4 $2 {[%emt 0:00:30] [#]} (34... Bc3 $18) 35. Rxd4 $1 {[%emt 0:01:10][%mdl 512] White mates.} Qxd4 36. Qxf7+ (36. Bxf7+ Kh8 37. Bg6 h6 $15) 36... Kh8 37. Rxe4 {[%emt 0:00:02] Weighted Error Value: White=0.06 (flawless) /Black=0.33.  Mistake:       	White=1     	Black=4      Inaccurate:     	White=1     	Black=3      OK:         	White=14    	Black=9      Best:        	White=1     	---        Strong:       	White=1     	---        Brilliant:      	White=1     	---} ({Weaker is} 37. Bxe4 d5 38. Bf3 Rcc8 $14) 1-0

[Event "French-ch U16-U18 2024"]
[Site "Agen"]
[Date "2024.04.20"]
[Round "8.19"]
[White "Fischler, Oscar"]
[Black "Fraile, Lucas"]
[Result "1-0"]
[ECO "A58"]
[WhiteElo "2275"]
[BlackElo "2151"]
[Annotator "TA"]
[PlyCount "101"]
[EventDate "2024.04.14"]
[EventType "swiss"]
[EventCountry "FRA"]
[SourceTitle "playchess.com"]
[Source "ChessBase"]
[SourceQuality "1"]
[TimeControl "5400+30"]

1. d4 Nf6 2. c4 c5 3. d5 b5 4. cxb5 a6 5. bxa6 g6 6. Nc3 Bg7 7. e4 {[%emt 0:00:03] And now e5 would win.} O-O 8. a7 {[%emt 0:00:02] White is slightly better.} Rxa7 9. Nf3 e6 10. Be2 exd5 11. exd5 d6 12. O-O Na6 13. Nb5 Rd7 14. Bc4 Bb7 15. Bg5 h6 16. Bh4 Qa8 17. Bxf6 Bxf6 18. Qd2 Bg7 19. Rad1 Nc7 20. Nxc7 Rxc7 21. Rfe1 Ba6 {[%emt 0:08:13] This pair of bishops is nice.} 22. b3 Bxc4 23. bxc4 Qa4 24. Qf4 Rd8 25. h4 Kh7 26. Rd3 Rb7 {[%emt 0:00:00] White leaves nothing to chance now.} 27. h5 Qxa2 {[%emt 0:00:00] [#]} (27... g5 $14 28. Qf5+ Kh8) 28. Rde3 $1 $16 Qc2 29. Re7 ({Resist} 29. hxg6+ $6 fxg6 30. R3e2 Qf5 31. Qxf5 gxf5 $16) 29... Rdd7 (29... Rxe7 $16 30. Rxe7 Qb1+ 31. Kh2 Rf8 32. Qxd6 (32. Rxf7 g5 $16) 32... g5 33. Qxc5 Qf5) 30. Qxf7 $40 {[%emt 0:01:26][%csl Ge7][%cal Rf7g7][%mdl 128] White has strong attack.} Rxe7 31. Rxe7 Rxe7 32. hxg6+ (32. Qxe7 gxh5 33. Qxd6 Qc1+ 34. Kh2 Qxc4 $16) 32... Qxg6 33. Qxe7 {[%emt 0:00:01][%mdl 4096] Endgame. KQB-KQN} Qf6 (33... Qc2 {was called for.} 34. Qxd6 Qc1+ 35. Kh2 Qxc4) 34. Qe4+ Qg6 35. Nd2 Be5 (35... h5 $142 36. Kh2 Bf6) 36. g3 Kg7 37. Kg2 Qf7 38. Qg4+ Kh7 (38... Qg6 $142 39. Qxg6+ Kxg6) 39. Ne4 Qe7 40. Qe6 Qxe6 41. dxe6 {[%emt 0:00:02] [#] White threatens e7 and mate. KB-KN} Kg6 42. f4 Bd4 43. f5+ (43. Nxd6 $142 Kf6 44. f5) 43... Kg7 44. Nxd6 {[%emt 0:00:04] White mates.} Kf8 45. g4 Ke7 46. Ne4 Be3 47. Kg3 Bg1 48. Kh4 Bd4 49. Kh5 Be3 50. Kg6 Ke8 51. f6 {[%emt 0:00:20] Weighted Error Value: White=0.06 (flawless) /Black=0.41.  Mistake:       	---       	Black=5      Inaccurate:     	White=2     	Black=5      OK:         	White=19    	Black=16     Best:        	White=1     	Black=1      Strong:       	White=1     	---} 1-0

[Event "French-ch U16-U18 2024"]
[Site "Agen"]
[Date "2024.04.20"]
[Round "8.20"]
[White "Bat, Bilguun"]
[Black "Okhanian, Giorgi"]
[Result "1-0"]
[ECO "D03"]
[WhiteElo "2360"]
[BlackElo "1849"]
[Annotator "TA"]
[PlyCount "56"]
[EventDate "2024.04.14"]
[EventType "swiss"]
[EventCountry "FRA"]
[SourceTitle "playchess.com"]
[Source "ChessBase"]
[SourceQuality "1"]
[TimeControl "5400+30"]

1. d4 Nf6 2. Nf3 e6 3. Bg5 d5 4. e3 Bd6 5. Nbd2 Nbd7 6. c4 c6 7. Bd3 O-O 8. cxd5 {[%emt 0:05:09] White has an edge.} exd5 9. Qc2 {[%emt 0:00:51][%cal Od3h7] Strongly threatening Bxh7+!} h6 10. h4 Re8 (10... hxg5 $6 11. hxg5 Re8 (11... Ne4 12. Bxe4 dxe4 13. Qxe4 $11) 12. gxf6 Nxf6 13. O-O-O $11) 11. O-O-O c5 (11... hxg5 12. hxg5 Ng4 13. Bh7+ Kf8 14. Nb3 $17) 12. Bxf6 Qxf6 (12... Nxf6 $5 13. dxc5 Bd7 $16) 13. g4 Nf8 $2 {[%emt 0:00:20] White now steadily converts the win.} (13... Qe7 $11 {and Black has nothing to worry.}) 14. g5 $18 (14. dxc5 Bxg4 15. Qa4 (15. cxd6 $2 Rac8 $19) 15... Bd7 $17 (15... Bxf3 16. Nxf3 Qxf3 17. cxd6 $17)) 14... Qe7 {[%emt 0:00:33] [#]} 15. gxh6 (15. dxc5 $1 $18 {is the precise move to win.} Bxc5 16. gxh6 gxh6 17. Kb1) 15... gxh6 (15... c4 $16 {was worth a try.} 16. hxg7 cxd3 17. gxf8=R+ (17. gxf8=Q+ Kxf8 18. Qb3 Qc7+ 19. Kb1 Qc2+ 20. Qxc2 dxc2+ 21. Kxc2 Bf5+ 22. Kb3 Re6 $16) 17... Kxf8 18. Qxd3 Qf6) 16. Rhg1+ Kh8 17. dxc5 Bxc5 18. Qc3+ f6 19. Nb3 Bd7 (19... Bb6 $142 20. Kb1 Bh3) 20. Nxc5 {[%emt 0:09:24][%cal Od3c2] And now Bc2! would win.} (20. Qxc5 Rac8 $14) 20... Rac8 {[%emt 0:00:50] [#]} 21. Kb1 $1 Rxc5 22. Qd4 {[%emt 0:03:10] Qf4 is the strong threat.} Bb5 23. Qf4 Bxd3+ 24. Rxd3 Kh7 25. Qf5+ Kh8 26. Nd4 {[%emt 0:03:03] aiming for Qh5.} (26. Rxd5 Rxd5 27. Qxd5 Qe4+ 28. Qxe4 Rxe4 $16) 26... Rec8 27. a3 R8c7 28. Qf4 Nd7 {[%emt 0:01:04] Weighted Error Value: White=0.20 (precise) /Black=0.50.  Loses game:     	---       	Black=1      Mistake:       	White=2     	Black=3      Inaccurate:     	White=1     	Black=3      OK:         	White=7     	Black=4      Best:        	White=2     	Black=3} (28... Rd7 $142 29. Qxh6+ Nh7) 1-0

[Event "French-ch U16-U18 2024"]
[Site "Agen"]
[Date "2024.04.21"]
[Round "9.1"]
[White "Bat, Anu"]
[Black "Alsaied, Zeina"]
[Result "1-0"]
[ECO "D00"]
[WhiteElo "1887"]
[BlackElo "1735"]
[Annotator "NA RC COMBH"]
[PlyCount "111"]
[EventDate "2024.04.14"]
[EventType "swiss"]
[EventCountry "FRA"]
[SourceTitle "playchess.com"]
[Source "ChessBase"]
[SourceQuality "1"]
[TimeControl "5400+30"]

1. d4 d5 2. Nc3 Nf6 3. Bf4 a6 4. e3 Bf5 5. f3 e6 6. g4 {[%emt 0:01:00] D00: 1 d4 d5: Unusual lines.} Bg6 7. h4 h5 8. g5 Nfd7 9. Nh3 Nc6 (9... c5 $1 $15 {is more appropriate.}) 10. a3 Bd6 (10... Nb6 $11) 11. Bxd6 cxd6 12. Nf4 Bf5 13. Bd3 Bxd3 14. Qxd3 Ne7 15. g6 Nf5 (15... Rh6 $142) 16. Ncxd5 Nxh4 17. Nc7+ Qxc7 {[%emt 0:02:05] [#]} 18. gxf7+ $1 Kxf7 19. Rxh4 Rh6 (19... Qa5+ $16 {keeps fighting.} 20. Kf2 Qf5) 20. Rxh5 (20. Nxh5 $2 {is the wrong capture.} Qa5+ (20... Nf6 $2 21. O-O-O $19) 21. b4 Qg5 $19) 20... Rxh5 $2 (20... Rah8) 21. Qg6+ Kg8 22. Nxh5 Nb6 23. Qxe6+ Qf7 24. Qxf7+ Kxf7 25. O-O-O Nd5 26. e4 Ne3 27. Rg1 g6 28. Nf4 Rg8 $2 (28... Rh8 29. Kd2 (29. Nxg6 Rg8 $16) (29. Rxg6 Rh4 $16) 29... Nc4+ 30. Kd3 (30. Kc3 Rc8 $18) 30... Nxb2+ 31. Kc3 Na4+ 32. Kb4 b5 33. Rxg6 (33. Nxg6 Rh2 $18) 33... Rh4) 29. b3 g5 30. Nd3 g4 31. Kd2 gxf3 32. Rxg8 f2 33. Nxf2 Nf1+ 34. Ke1 Kxg8 35. Kxf1 Kf7 36. Ke2 Ke7 37. Kd3 Ke6 38. c4 b6 39. b4 Kd7 40. d5 Kc7 41. Kd4 Kd7 42. e5 Ke7 43. exd6+ Kxd6 44. Ne4+ Kd7 45. Ke5 Ke7 46. d6+ Kd7 47. Nf6+ Kd8 48. Ke6 b5 49. cxb5 a5 50. bxa5 Kc8 51. Ke7 Kb7 52. d7 Ka7 53. d8=Q Kb7 54. a6+ Ka7 55. Qc7+ Ka8 56. Qb7# 1-0

[Event "French-ch U16-U18 2024"]
[Site "Agen"]
[Date "2024.04.21"]
[Round "9.2"]
[White "Grisoni, Emma"]
[Black "Pereira-Davoine, Alana"]
[Result "0-1"]
[ECO "B23"]
[WhiteElo "1704"]
[BlackElo "1780"]
[Annotator "NA RC COMBH"]
[PlyCount "84"]
[EventDate "2024.04.14"]
[EventType "swiss"]
[EventCountry "FRA"]
[SourceTitle "playchess.com"]
[Source "ChessBase"]
[SourceQuality "1"]
[TimeControl "5400+30"]

1. e4 c5 2. Nc3 a6 3. g3 b5 4. Bg2 Bb7 5. Nh3 e6 6. O-O b4 7. Nb1 Nf6 8. d3 Be7 9. f4 O-O 10. Be3 Nc6 11. Nd2 a5 12. g4 d5 13. e5 Nd7 14. c3 bxc3 15. bxc3 Ba6 16. Qc2 Rc8 17. Bf2 Qc7 18. Rfc1 d4 19. c4 Nb4 20. Qb1 Rb8 21. a3 Nd5 22. Qc2 Nc3 23. Nf3 a4 24. Be1 Rb3 25. Bxc3 dxc3 26. Nf2 Rfb8 27. Nd1 Nf8 28. Nxc3 Ng6 29. Qd2 f6 30. Qe3 fxe5 31. fxe5 Rf8 32. Ne2 Bb7 33. Nd2 Bxg2 34. Kxg2 Rb6 35. Nf3 Rb2 36. Re1 Qc6 37. Qe4 Qxe4 38. dxe4 Nf4+ 39. Kf2 Nd3+ 40. Ke3 Nxe1 41. Rxe1 Rb3+ 42. Kf2 Rbxf3+ 0-1

[Event "French-ch U16-U18 2024"]
[Site "Agen"]
[Date "2024.04.21"]
[Round "9.3"]
[White "Fesigny, Oceane"]
[Black "Paralieu, Emma"]
[Result "0-1"]
[ECO "C55"]
[WhiteElo "1829"]
[BlackElo "1775"]
[Annotator "NA RC COMBH"]
[PlyCount "124"]
[EventDate "2024.04.14"]
[EventType "swiss"]
[EventCountry "FRA"]
[SourceTitle "playchess.com"]
[Source "ChessBase"]
[SourceQuality "1"]
[TimeControl "5400+30"]

1. e4 e5 2. Nf3 Nc6 3. Bc4 Nf6 4. d3 Be7 5. Nc3 d6 6. a4 O-O 7. O-O h6 8. h3 Nh7 {[%emt 0:06:12] C55: Two Knights: 4 d3, 4 d4 exd4 5 e5 and Max Lange Attack.} 9. Nd5 Kh8 10. Nh2 (10. Re1 $14) 10... Bh4 11. Ba2 (11. Bd2 $14) 11... f5 12. exf5 Bxf5 13. f4 Qd7 14. Be3 Ne7 ({Black should play} 14... Rae8 $11) 15. Nxe7 Qxe7 16. g4 exf4 17. Bxf4 Bd7 18. Qd2 Ng5 19. Bxg5 Bxg5 20. Qg2 Qe3+ 21. Kh1 Bc6 22. Bd5 Bxd5 23. Qxd5 Qxh3 24. Qg2 Qxg2+ 25. Kxg2 Bf6 26. c3 Rfe8 27. Rae1 Kg8 28. Nf3 a5 29. Nd2 d5 30. Nb3 b6 31. Kf3 Kh7 32. Nd4 Bxd4 33. cxd4 Rf8+ 34. Kg3 Rxf1 35. Rxf1 Re8 36. Rf3 Kg6 37. Kf2 (37. Rf5 $142) 37... c6 38. Rf5 Re7 39. Rh5 Re6 40. Rh2 Kg5 41. Kf3 g6 42. Rc2 Rf6+ 43. Kg3 h5 44. gxh5 gxh5 45. Rh2 Re6 46. Kf3 h4 47. Rg2+ Kh5 48. Rg8 $19 Rf6+ 49. Ke3 h3 50. Rg1 Rg6 51. Rh1 Kh4 52. Kf3 Rf6+ 53. Ke2 Rf4 54. Ke3 Rg4 55. Kf3 Rg3+ 56. Kf4 Rg2 57. Rc1 Rf2+ (57... h2 $142 58. Rh1 Kh3 (58... Rxb2 $2 59. Rf1 $19)) 58. Ke3 Rf6 (58... Kg3 $142 59. b4 axb4 60. Rxc6 Rf3+ 61. Ke2 Kg2) 59. Rg1 h2 60. Rg8 Rh6 ({And not} 60... h1=N 61. Rh8+ Kg3 62. Rxh1 $11) 61. Kf4 h1=Q 62. Rg4+ Kh3 0-1

[Event "French-ch U16-U18 2024"]
[Site "Agen"]
[Date "2024.04.21"]
[Round "9.4"]
[White "Delmouly, Manon"]
[Black "Tran, Ky Lan"]
[Result "1-0"]
[ECO "D84"]
[WhiteElo "1800"]
[BlackElo "1724"]
[Annotator "NA RC COMBH"]
[PlyCount "95"]
[EventDate "2024.04.14"]
[EventType "swiss"]
[EventCountry "FRA"]
[SourceTitle "playchess.com"]
[Source "ChessBase"]
[SourceQuality "1"]
[TimeControl "5400+30"]

1. d4 Nf6 2. c4 g6 3. Nc3 d5 4. Bf4 Bg7 5. e3 O-O 6. cxd5 Nxd5 7. Nxd5 Qxd5 8. Bxc7 Nc6 9. Ne2 b6 {[%emt 0:01:30] D84: Grünfeld: 4 Bf4 Bg7 5 e3 0-0 6 cxd5.} 10. Nc3 Qd7 11. Bg3 e6 12. Be2 Bb7 13. O-O Rac8 14. Rc1 Rfd8 15. Qa4 h6 16. Bf3 Kh7 17. Rfd1 Na5 18. Qxd7 Rxd7 19. Bxb7 Nxb7 20. Nb5 Rxc1 21. Rxc1 $18 Nd8 (21... a6 $142) 22. Kf1 g5 23. Rc3 f5 24. Bc7 a6 25. Bxd8 Rxd8 26. Nc7 e5 27. Ne6 ({Less strong is} 27. Nxa6 exd4 28. Rd3 Rc8 $14 (28... Ra8 29. Nc7 $11)) 27... exd4 28. Rc7 Rg8 29. Nxd4 f4 30. exf4 gxf4 31. Ne6 Kh8 32. Nxg7 Rxg7 33. Rxg7 Kxg7 34. Ke2 Kf6 35. Kf3 Kf5 36. g3 fxg3 37. hxg3 h5 38. a4 a5 39. Ke3 Kg4 40. f4 Kxg3 41. f5 h4 42. f6 h3 43. f7 h2 44. f8=Q h1=Q 45. Qg7+ Kh3 46. Qh6+ Kg2 47. Qxh1+ Kxh1 48. Kd4 1-0

[Event "French-ch U16-U18 2024"]
[Site "Agen"]
[Date "2024.04.21"]
[Round "9.5"]
[White "Langer, Karele"]
[Black "Lavilledieu, Lily-Mei"]
[Result "0-1"]
[ECO "B18"]
[WhiteElo "1654"]
[BlackElo "1783"]
[Annotator "NA RC COMBH"]
[PlyCount "102"]
[EventDate "2024.04.14"]
[EventType "swiss"]
[EventCountry "FRA"]
[SourceTitle "playchess.com"]
[Source "ChessBase"]
[SourceQuality "1"]
[TimeControl "5400+30"]

1. e4 c6 2. d4 d5 3. Nc3 dxe4 4. Nxe4 Bf5 5. Ng3 Bg6 6. Nh3 Nd7 7. Nf4 e5 8. dxe5 Qa5+ 9. c3 Qxe5+ 10. Qe2 O-O-O 11. Qxe5 Nxe5 12. Be2 Bc5 13. O-O Nh6 14. Nxg6 hxg6 15. h3 Nd3 16. Ne4 Bb6 17. Rd1 f5 18. Rxd3 fxe4 19. Rxd8+ Kxd8 20. Bf4 Rf8 21. g3 Ke8 22. Rf1 Nf5 23. Kh2 Ne7 24. h4 Nd5 25. Be5 Bxf2 26. Bxg7 Rf7 27. Bd4 e3 28. Kg2 Rd7 29. Bg4 Rd8 30. Rd1 c5 31. Bxc5 e2 32. Bxe2 Bxc5 33. Bb5+ Ke7 34. Re1+ Kd6 35. Kh3 Ne3 36. b4 Bb6 37. c4 Bd4 38. Re2 a6 39. Ba4 Nxc4 40. Bb3 b5 41. Re4 Kd5 42. Rg4 Rd6 43. Rg5+ Kc6 44. a4 Nd2 45. Bc2 bxa4 46. Bxa4+ Kb6 47. Bc2 Nf3 48. Rg4 Ne5 49. Rg5 Re6 50. Bb3 Re7 51. Bc2 Be3 0-1